 Dungeon Crawl Stone Soup version 0.23-a0-642-g3120c2f (webtiles) character file.

36 Firecrotchwizard the Vexing (level 3, -1/28 HPs)
             Began as a Gnoll Arcane Marksman on Dec 30, 2018.
             Slain by Terence
             ... wielding a +0 flail of protection
              (2 damage)
             ... on level 2 of the Dungeon.
             The game lasted 00:02:34 (1348 turns).

Firecrotchwizard the Vexing (Gnoll Arcane Marksman) Turns: 1348, Time: 00:02:35

Health: -1/28      AC:  2    Str: 12    XL:     3   Next: 37%
Magic:  0/7        EV: 14    Int: 16    God:
Gold:   117        SH:  0    Dex: 15    Spells: 6/7 levels left

rFire    . . .     SeeInvis .   a - +0 shortbow
rCold    . . .     Gourm    .   (shield currently unavailable)
rNeg     . . .     Faith    .   e - +0 robe
rPois    .         Spirit   +   (no helmet)
rElec    .         Reflect  .   (no cloak)
rCorr    .         Harm     .   (no gloves)
MR       .....                  (no boots)
Stlth    ++........             g - amulet of guardian spirit {Spirit}
HPRegen  0.09/turn              (no ring)
MPRegen  0.10/turn              (no ring)

@: no status effects
A: distributed training, fangs 1, strong nose
a: no special abilities


You were on level 2 of the Dungeon.
You were not hungry.

You visited 1 branch of the dungeon, and saw 2 of its levels.

You collected 117 gold pieces.

Inventory:

Hand Weapons
 a - a +0 shortbow (weapon)
 c - a +0 club
   (You took it off a kobold on level 1 of the Dungeon)
Missiles
 d - 58 arrows (quivered)
Armour
 e - a +0 robe (worn)
Jewellery
 g - an amulet of guardian spirit (around neck) {Spirit}
   (You found it on level 1 of the Dungeon)
 m - an uncursed ring of ice {rC+, rF-}
   (You found it on level 1 of the Dungeon)
Scrolls
 h - a scroll of fog {unknown}
 i - 2 scrolls of identify {unknown}
 l - a scroll of fear {unknown}
 n - a scroll of blinking {unknown}
Potions
 b - 2 potions of flight {unknown}
 j - 2 potions of curing
 k - 3 potions of heal wounds {unknown}
 o - a potion of might {unknown}
Comestibles
 f - 5 rations
 p - 3 chunks of flesh {@w0}


   Skills:
 + Level 2.6 Fighting
 + Level 0.7 Short Blades
 + Level 0.7 Long Blades
 + Level 0.7 Axes
 + Level 0.7 Maces & Flails
 + Level 0.7 Polearms
 + Level 0.7 Staves
 + Level 0.7 Slings
 + Level 4.5 Bows
 + Level 0.7 Crossbows
 + Level 0.7 Throwing
 + Level 0.7 Armour
 + Level 4.5 Dodging
 + Level 0.7 Stealth
 + Level 0.7 Shields
 + Level 0.7 Unarmed Combat
 + Level 2.8 Spellcasting
 + Level 0.5 Conjurations
 + Level 5.4 Hexes
 + Level 0.5 Charms
 + Level 0.5 Summonings
 + Level 0.5 Necromancy
 + Level 0.5 Translocations
 + Level 0.5 Transmutations
 + Level 0.5 Fire Magic
 + Level 0.5 Ice Magic
 + Level 0.5 Air Magic
 + Level 0.5 Earth Magic
 + Level 0.5 Poison Magic
 + Level 0.9 Invocations
 + Level 0.7 Evocations


You had 6 spell levels left.
You knew the following spells:

 Your Spells              Type           Power        Failure   Level  Hunger
v - Corona                Hex            ###....      1%          1    #......

Your spell library contained the following spells:

 Spells                   Type           Power        Failure   Level  Hunger
 Slow                     Hex            ###.....     3%          2    ##.....
 Inner Flame              Hex/Fire       ##......     17%         3    ###....
 Portal Projectile        Hex/Tloc       ##....       17%         3    ###....
 Cause Fear               Hex            ###.......   21%         4    #####..
 Leda's Liquefaction      Hex/Erth       ##........   50%         4    #####..


Dungeon Overview and Level Annotations

Branches:
Dungeon (2/15)

Altars:

Annotations:
D:2 Terence


Innate Abilities, Weirdness & Mutations

Your experience applies equally to all skills.
You have very sharp teeth.
Your uncanny sense of smell can sniff out nearby items.


Message History

The stone hits you but does no damage.
Firing (i - inventory)
d - 75 arrows (quivered)
Aim: Terence, wielding a +0 flail of protection and wearing a +0 scale mail You shoot an arrow.
The arrow hits Terence but does no damage.
The kobold throws a stone.
The stone barely misses you.
Firing (i - inventory)
d - 74 arrows (quivered)
Aim: Terence, wielding a +0 flail of protection and wearing a +0 scale mail You shoot an arrow.
The arrow barely misses Terence.
You don't know that spell.
Okay, then.
Aim: Terence, wielding a +0 flail of protection and wearing a +0 scale mail Terence is outlined in light.
Terence hits you with a +0 flail of protection!
You take 6 damage, and have 22/28 hp.
MASSIVE DAMAGE!!
You now have 5/7 mp.
Firing (i - inventory)
d - 73 arrows (quivered)
Aim: Terence, wielding a +0 flail of protection and wearing a +0 scale mail You shoot an arrow.
The arrow hits Terence but does no damage.
Terence misses you.
Firing (i - inventory)
d - 72 arrows (quivered)
Aim: Terence, wielding a +0 flail of protection and wearing a +0 scale mail You shoot an arrow.
The arrow hits Terence but does no damage.
Terence hits you with a +0 flail of protection.
You take 3 damage, and have 19/28 hp.
Firing (i - inventory)
d - 71 arrows (quivered)
Aim: Terence, wielding a +0 flail of protection and wearing a +0 scale mail You shoot an arrow.
The arrow hits Terence but does no damage.
Terence hits you but does no damage.
Firing (i - inventory)
d - 70 arrows (quivered)
Aim: Terence, wielding a +0 flail of protection and wearing a +0 scale mail You shoot an arrow.
The arrow hits Terence but does no damage.
Terence shouts, "ATTACK!!!"
Terence hits you with a +0 flail of protection.
You take 3 damage, and have 16/28 hp.
You now have 4/7 mp.
You are too injured to fight recklessly!
You are too injured to fight recklessly!
You are too injured to fight recklessly!
Firing (i - inventory)
d - 69 arrows (quivered)
Aim: Terence, wielding a +0 flail of protection and wearing a +0 scale mail You shoot an arrow.
The arrow completely misses Terence.
The arrow hits the kobold.
Terence stops glowing.
Terence misses you.
Firing (i - inventory)
d - 68 arrows (quivered)
Aim: Terence, wielding a +0 flail of protection and wearing a +0 scale mail You shoot an arrow.
The arrow hits Terence but does no damage.
Terence misses you.
Firing (i - inventory)
d - 67 arrows (quivered)
Aim: Terence, wielding a +0 flail of protection and wearing a +0 scale mail You shoot an arrow.
The arrow hits Terence but does no damage.
Firing (i - inventory)
d - 66 arrows (quivered)
Aim: Terence, wielding a +0 flail of protection and wearing a +0 scale mail You shoot an arrow.
The arrow barely misses Terence.
The arrow hits the kobold.
You kill the kobold!
Terence hits you with a +0 flail of protection.
You take 3 damage, and have 13/28 hp.
You now have 4/7 mp.
Firing (i - inventory)
d - 65 arrows (quivered)
Aim: Terence, wielding a +0 flail of protection and wearing a +0 scale mail You shoot an arrow.
The arrow hits Terence.
Terence hits you with a +0 flail of protection.
* * * LOW HITPOINT WARNING * * *
You take 5 damage, and have 8/28 hp.
You now have 3/7 mp.
Firing (i - inventory)
d - 64 arrows (quivered)
Aim: Terence, wielding a +0 flail of protection and wearing a +0 scale mail You shoot an arrow.
The arrow hits Terence.
Terence completely misses you.
Firing (i - inventory)
d - 63 arrows (quivered)
Aim: Terence, wielding a +0 flail of protection and wearing a +0 scale mail You shoot an arrow.
The arrow completely misses Terence.
Terence hits you with a +0 flail of protection!
* * * LOW HITPOINT WARNING * * *
You take 6 damage, and have 2/28 hp.
MASSIVE DAMAGE!!
You now have 1/7 mp.
Firing (i - inventory)
d - 62 arrows (quivered)
Aim: Terence, wielding a +0 flail of protection and wearing a +0 scale mail You shoot an arrow.
The arrow barely misses Terence.
Terence drinks a potion.
Terence is healed!
Firing (i - inventory)
d - 61 arrows (quivered)
Aim: Terence, wielding a +0 flail of protection and wearing a +0 scale mail You shoot an arrow.
The arrow closely misses Terence.
Terence hits you with a +0 flail of protection.
* * * LOW HITPOINT WARNING * * *
You take 2 damage, and have 1/28 hp.
You now have 0/7 mp.
Unknown command.
Firing (i - inventory)
d - 60 arrows (quivered)
Aim: Terence, wielding a +0 flail of protection and wearing a +0 scale mail You shoot an arrow.
The arrow closely misses Terence.
Terence barely misses you.
Firing (i - inventory)
d - 59 arrows (quivered)
Aim: Terence, wielding a +0 flail of protection and wearing a +0 scale mail You shoot an arrow.
The arrow barely misses Terence.
Terence hits you with a +0 flail of protection.
You die...

## #. #. #. ######## #.
#############......######.
.........@@)....(.........
######.#####(......#####.
##.## #.......# #. #.).#
#(......# #. #...#
#(......# #. #...#
#(......# #. #...#
#.K.....# #. #...#
#..(.?... .. #...#
#......## #.


You could see Terence.

Vanquished Creatures
  An adder (D:2)
  A dart slug (D:1)
  4 goblins
  3 hobgoblins (D:1)
  2 ball pythons (D:1)
  6 bats
  2 frilled lizards
  5 kobolds
  2 rats
26 creatures vanquished.

Notes
Turn   | Place    | Note
-------+----------+-------------------------------------------
     0 | D:1      | Firecrotchwizard the Gnoll Arcane Marksman began the quest
                  | for the Orb.
     0 | D:1      | Reached XP level 1. HP: 17/17 MP: 4/4
    30 | D:1      | HP: 2/17 [kobold/+0 club (3)]
    41 | D:1      | HP: 2/17 [bat (1)]
   429 | D:1      | Reached XP level 2. HP: 23/23 MP: 5/5
  1204 | D:2      | Reached XP level 3. HP: 28/28 MP: 7/7
  1323 | D:2      | Noticed Terence
  1344 | D:2      | HP: 2/28 [Terence/+0 flail of protection (6)]
  1348 | D:2      | Slain by Terence

Vault maps used:
D:1:      psy_arrival_terrarium, minmay_cut_off
D:2:      uniq_terence

Action                   || total
-------------------------++-------
Melee: Unarmed           ||    10
       Bite              ||     3
 Fire: Shortbow          ||    70
 Cast: Corona            ||     1
  Eat: Chunk             ||     1
Armor: Robe              ||     7
Dodge: Dodged            ||    32

Table legend:
 A = Non-vault XP
 B = Vault XP
 C = Vault XP percentage of total XP
 D = Non-vault monster count
 E = Vault monster count
 F = Vault count percentage of total count
                 A         B        C        D         E       F
            +---------+---------+-------+---------+---------+-------
      Total |      47 |       5 |   9.6 |      23 |       3 |  11.5
            +---------+---------+-------+---------+---------+-------
        D:1 |      25 |       5 |  16.7 |      15 |       3 |  16.7
        D:2 |      22 |       0 |   0.0 |       8 |       0 |   0.0
            +---------+---------+-------+---------+---------+-------

Vault maps used:
D:1:      psy_arrival_terrarium, minmay_cut_off
D:2:      uniq_terence

Table legend:
 A = Turns spent in this place as a percentage of turns spent in the entire game.
 B = Non-inter-level travel turns spent in this place as a percentage of non-inter-level travel turns spent in the entire game.
 C = Inter-level travel turns spent in this place as a percentage of turns spent in this place.
 D = Turns resting spent in this place as a percentage of non-inter-level travel turns spent in this place.
 E = Turns spent auto-exploring this place as a percentage of non-inter-level travel turns spent in this place.
 F = Non-inter-level travel turns spent in this place divided by the number of levels of this place that you've seen.
                   A       B       C       D       E      F
               +-------+-------+-------+-------+-------+----------------------
         Total | 100.0 | 100.0 |   0.7 |  26.7 |  62.3 | 669.0
       Dungeon | 100.0 | 100.0 |   0.7 |  26.7 |  62.3 | 669.0
               +-------+-------+-------+-------+-------+----------------------

Table legend:
 A = Kills in this place as a percentage of kills in entire the game.
 B = Kills by you in this place as a percentage of kills by you in the entire game.
 C = Kills by friends in this place as a percentage of kills by friends in the entire game.
 D = Other kills in this place as a percentage of other kills in the entire game.
 E = Experience gained in this place as a percentage of experience gained in the entire game.
 F = Experience gained in this place divided by the number of levels of this place that you have seen.
                   A       B       C       D       E      F
               +-------+-------+-------+-------+-------+----------------------
         Total | 100.0 | 100.0 |   N/A |   N/A | 100.0 |  26.0
       Dungeon | 100.0 | 100.0 |   N/A |   N/A | 100.0 |  26.0
               +-------+-------+-------+-------+-------+----------------------
